Map: 10000 Feet LE

Players

Reynor - Winner!

  • Race: Zerg Zerg
  • League: Master
  • Spawn Location: 11:00

SKillous

  • Race: Protoss Protoss
  • League: Master
  • Spawn Location: 5:00

VOD

Have the link to the VOD?

Description

Time

  • Played on: Jan. 31, 2026, 3:49 p.m.
  • Length: 15:11
Show
View Real Time Build Order
Export as new Build Order

Reynor Zerg - Winner!

Build Orders: Hatch First, Brood Lord Corruptor 

Get SALT Encoding   

  12  0:00  Drone  
  13  0:07  Drone  
  14  0:14  Extractor, Drone  
  15  0:21  Overlord  
  15  0:40  Drone  
  16  0:45  Hatchery  
  16  0:49  Drone  
  16  0:52  Drone  
  16  0:56  Drone  
  18  1:06  Extractor  
  17  1:11  Spawning Pool  
  17  1:14  Drone  
  17  1:17  Drone  
  18  1:26  Drone  
  19  1:37  Drone  
  20  1:47  Drone  
  21  1:58  Queen x2, Drone  
  21  1:59  Overlord  
  26  2:08  Drone  
  26  2:10  Drone  
  26  2:11  Metabolic Boost  
  28  2:19  Drone  
  28  2:20  Drone  
  30  2:30  Drone  
  30  2:31  Drone  
  30  2:37  Hatchery  
  31  2:41  Zergling x2  
  31  2:42  Overlord  
  32  2:47  Queen  
  34  2:51  Drone  
  34  2:52  Drone  
  36  3:05  Overlord  
  36  3:06  Zergling x6  
  36  3:07  Queen  
  36  3:12  Spore Crawler  
  39  3:14  Drone x3  
  43  3:21  Overlord  
  43  3:24  Drone x2  
  43  3:26  Spore Crawler  
  44  3:27  Drone  
  44  3:32  Queen  
  47  3:34  Drone  
  47  3:41  Drone  
  49  3:43  Overlord  
  49  3:44  Drone  
  49  3:47  Drone x2  
  52  3:51  Queen  
  52  3:54  Drone x2  
  52  3:55  Drone  
  57  3:59  Zergling x4  
  58  4:03  Drone x2  
  58  4:06  Drone  
  58  4:08  Overlord  
  61  4:11  Spore Crawler  
  61  4:13  Drone x2  
  61  4:16  Drone x2  
  64  4:22  Spore Crawler  
  61  4:24  Drone x4  
  61  4:25  Overlord  
  61  4:27  Drone  
  67  4:34  Overlord, Roach Warren  
  67  4:35  Drone  
  67  4:44  Lair  
  68  4:45  Zergling x6  
  68  4:46  Zergling x2, Overlord  
  68  4:49  Drone x2  
  68  4:51  Drone x2  
  73  4:53  Drone  
  74  5:02  Hatchery, Drone x2  
  74  5:05  Extractor, Drone x2  
  74  5:07  Drone x2  
  74  5:12  Overlord  
  76  5:15  Zergling x10  
  76  5:17  Spore Crawler  
  76  5:19  Drone x2  
  76  5:20  Extractor  
  81  5:21  Zergling x4  
  81  5:24  Overlord  
  81  5:26  Drone  
  81  5:27  Extractor  
  83  5:29  Pneumatized Carapace  
  83  5:31  Zergling x2  
  83  5:33  Zergling x2  
  83  5:34  Zergling x6  
  88  5:36  Zergling x2  
  89  5:45  Drone  
  89  5:46  Zergling x4  
  89  5:47  Zergling x4  
  89  5:48  Spire  
  89  5:49  Drone x3  
  96  5:51  Extractor  
  96  5:52  Queen, Extractor  
  96  5:55  Overlord  
  96  5:56  Drone  
  97  5:57  Drone  
  97  6:03  Evolution Chamber  
  97  6:04  Overlord  
  97  6:05  Drone x2  
  97  6:06  Drone  
  97  6:08  Drone  
  97  6:10  Drone x3  
  104  6:18  Overlord  
  104  6:19  Drone x2  
  104  6:24  Drone  
  104  6:25  Drone x4  
  111  6:27  Drone x2  
  111  6:31  Zerg Melee Weapons Level 1  
  113  6:33  Overlord  
  113  6:34  Drone x3  
  113  6:36  Overlord  
  116  6:42  Zergling x2  
  116  6:43  Zergling x10  
  120  6:47  Infestation Pit, Drone  
  120  6:48  Baneling Nest  
  119  6:57  Mutalisk x2  
  119  6:58  Mutalisk, Roach  
  119  6:59  Mutalisk  
  119  7:00  Mutalisk x2  
  133  7:04  Extractor  
  133  7:05  Overlord  
  133  7:06  Drone x2  
  134  7:09  Mutalisk  
  134  7:11  Overlord, Drone x3  
  134  7:12  Overlord  
  134  7:13  Drone  
  140  7:16  Extractor  
  140  7:18  Overlord  
  140  7:19  Mutalisk x2  
  140  7:22  Overlord  
  143  7:27  Drone  
  143  7:28  Overlord  
  144  7:31  Overlord  
  144  7:35  Hive, Zergling x8  
  144  7:36  Zergling x6  
  151  7:38  Glial Reconstitution  
  151  7:45  Drone x4  
  151  7:49  Mutalisk x3  
  159  8:00  Mutalisk x2  
  159  8:02  Overlord  
  163  8:09  Zergling x4  
  163  8:11  Zergling x4, Mutalisk x3  
  163  8:12  Zergling x8  
  177  8:13  Zergling x2  
  177  8:15  Overlord  
  178  8:20  Centrifugal Hooks, Evolution Chamber, Roach x3  
  178  8:21  Roach  
  178  8:26  Hatchery  
  184  8:28  Overlord  
  184  8:29  Zerg Melee Weapons Level 2  
  184  8:31  Roach x3, Zergling x4  
  192  8:42  Spine Crawler  
  192  8:44  Spore Crawler  
  192  8:46  Greater Spire  
  190  8:49  Adrenal Glands  
  190  8:50  Drone  
  190  8:53  Zergling x8  
  195  9:00  Spine Crawler  
  195  9:01  Spine Crawler  
  180  9:15  Zergling x4  
  180  9:16  Zergling x6  
  178  9:18  Roach x2  
  178  9:19  Zergling x18  
  178  9:24  Zergling x10  
  173  9:26  Zergling x12  
  173  9:27  Zergling x4  
  167  9:33  Zerg Missile Weapons Level 1  
  167  9:38  Corruptor x6  
  177  10:02  Zerg Flyer Weapons Level 1  
  177  10:06  Spore Crawler  
  176  10:07  Spine Crawler  
  176  10:09  Spine Crawler, Brood Lord x3  
  176  10:11  Brood Lord  
  176  10:13  Brood Lord  
  186  10:14  Brood Lord  
  186  10:19  Zergling x8  
  190  10:23  Drone x2  
  190  10:24  Drone  
  190  10:27  Spore Crawler  
  190  10:28  Zergling x10, Spore Crawler  
  196  10:30  Neural Parasite  
  196  10:42  Corruptor x2  
  194  10:43  Corruptor  
  194  10:47  Baneling  
  194  10:48  Baneling x8  
  190  11:12  Baneling  
  190  11:14  Brood Lord  
  190  11:15  Brood Lord x2  
  196  11:20  Zergling x8  
  190  11:42  Zergling x16  
  198  11:52  Zerg Missile Weapons Level 2  
  198  11:53  Zerg Melee Weapons Level 3  
  198  11:55  Hydralisk Den  
  167  12:08  Zergling x2  
  167  12:09  Zergling x16  
  167  12:12  Zergling x2  
  163  12:15  Corruptor x5  
  163  12:16  Corruptor x4  
  163  12:18  Zergling x2  
  163  12:19  Zergling x22  
  193  12:26  Zergling x10  
  193  12:27  Zergling x2  
  199  12:35  Hatchery  
  198  12:39  Baneling x10  
  198  12:40  Baneling x8  
  198  12:49  Drone  
  199  12:52  Lurker Den  
  176  13:22  Zergling x2  
  176  13:23  Zergling x6, Corruptor  
  176  13:24  Corruptor x3  
  176  13:26  Zergling x2  
  176  13:27  Zergling x22  
  187  13:51  Viper  
  187  13:52  Corruptor x5  
  193  14:03  Overseer x2  
  193  14:06  Overseer x2  
  193  14:08  Zergling x6  
  188  14:12  Corruptor x5  
  188  14:15  Zergling x2  
  188  14:16  Zergling x8  
  189  14:26  Zergling x20  
  189  14:28  Queen  
  188  14:31  Queen  
  188  14:34  Corruptor x3  
  188  14:38  Zergling x4  
  166  14:52  Zergling x4  
  166  14:53  Zergling x2  
  166  14:54  Zergling x4  
Show
View Real Time Build Order
Export as new Build Order

SKillous Protoss 

Build Orders: 1 Gate Expand, Oracle Opening 

Get SALT Encoding   

  12  0:00  Probe  
  13  0:12  Probe  
  14  0:21  Pylon  
  14  0:24  Probe  
  15  0:32  Assimilator  
  15  0:35  Probe  
  15  0:42  Gateway  
  16  0:43  Probe  
  17  0:53  Probe  
  18  1:05  Probe  
  19  1:17  Probe  
  20  1:23  Nexus  
  20  1:32  Cybernetics Core  
  20  1:35  Probe  
  21  1:40  Assimilator  
  21  1:46  Pylon  
  21  1:50  Probe  
  22  1:58  Probe  
  22  2:06  Probe  
  22  2:07  Adept  
  25  2:11  Stargate  
  26  2:15  Probe  
  26  2:20  Warp Gate  
  27  2:23  Probe  
  28  2:31  Probe x2  
  30  2:37  Adept  
  30  2:39  Probe  
  30  2:43  Probe  
  34  2:49  Probe  
  34  2:53  Void Ray  
  34  2:56  Probe  
  40  3:01  Probe  
  41  3:12  Probe  
  42  3:14  Probe  
  42  3:15  Pylon  
  43  3:24  Probe  
  43  3:26  Probe  
  45  3:27  Oracle, Nexus  
  45  3:31  Pylon  
  45  3:39  Probe  
  45  3:40  Probe  
  50  3:50  Assimilator  
  50  3:51  Probe  
  50  3:52  Assimilator  
  50  3:53  Probe  
  52  4:03  Probe  
  52  4:04  Probe  
  52  4:05  Forge  
  52  4:06  Pylon  
  54  4:10  Twilight Council  
  54  4:12  Probe  
  54  4:15  Probe  
  56  4:20  Probe  
  56  4:27  Probe  
  56  4:30  Robotics Facility  
  58  4:31  Probe, Robotics Facility  
  58  4:36  Adept  
  58  4:37  Protoss Ground Weapons Level 1  
  61  4:39  Probe  
  61  4:40  Probe  
  61  4:42  Probe  
  63  4:48  Probe  
  63  4:50  Charge, Probe  
  63  4:52  Probe  
  62  4:56  Adept, Probe  
  62  4:58  Probe  
  65  5:04  Probe, Oracle  
  65  5:06  Probe  
  70  5:09  Probe  
  70  5:14  Gateway  
  72  5:15  Gateway  
  72  5:16  Probe  
  72  5:17  Immortal  
  72  5:18  Probe  
  74  5:21  Probe  
  74  5:23  Pylon  
  74  5:24  Observer, Assimilator  
  74  5:28  Assimilator, Probe  
  81  5:30  Probe  
  81  5:34  Probe, Pylon  
  83  5:40  Templar Archives, Probe  
  83  5:42  Shield Battery  
  84  5:43  Probe  
  84  5:47  Immortal  
  84  5:49  Probe  
  90  5:52  Probe  
  91  5:57  Probe  
  91  6:02  Probe  
  93  6:07  Psionic Storm  
  93  6:09  Gateway  
  93  6:10  Gateway  
  93  6:12  Gateway x2  
  93  6:15  Pylon, Immortal  
  97  6:21  High Templar x2  
  97  6:23  Pylon  
  101  6:25  Photon Cannon  
  101  6:31  Protoss Ground Weapons Level 2  
  101  6:33  Immortal  
  105  6:42  High Templar  
  105  6:46  Shield Battery  
  107  6:48  Photon Cannon  
  107  6:50  Photon Cannon  
  107  6:54  High Templar, Immortal  
  107  6:55  Zealot  
  115  7:02  Pylon  
  115  7:03  Pylon  
  115  7:05  Pylon  
  115  7:12  Photon Cannon, Immortal  
  115  7:13  Pylon  
  119  7:24  Immortal  
  119  7:25  Nexus  
  119  7:31  Pylon  
  119  7:32  Phoenix  
  123  7:39  Stalker x4, Pylon  
  123  7:44  Blink  
  130  7:49  Stalker x2  
  133  7:56  Stalker  
  133  7:58  Phoenix  
  130  8:06  Probe  
  130  8:10  Probe x2  
  131  8:14  Probe  
  131  8:17  Photon Cannon  
  131  8:19  Shield Battery  
  132  8:21  Phoenix  
  132  8:22  Probe x2  
  132  8:24  Probe  
  137  8:29  Photon Cannon  
  137  8:32  Photon Cannon  
  137  8:34  High Templar x2  
  137  8:37  Probe x2  
  137  8:38  Phoenix, Probe  
  137  8:39  Archon  
  137  8:40  Probe  
  147  8:49  Probe x2  
  147  8:50  Photon Cannon  
  147  8:54  Probe  
  143  9:05  Phoenix, Stalker x2  
  143  9:06  Stalker x2  
  144  9:11  Probe  
  144  9:14  Probe x2  
  144  9:15  Stargate  
  147  9:18  Stargate  
  147  9:19  Probe  
  147  9:21  Stalker  
  132  9:28  Phoenix  
  119  9:32  Probe  
  119  9:36  High Templar  
  119  9:38  Shield Battery  
  124  9:39  Shield Battery  
  124  9:41  Probe x3, Photon Cannon  
  124  9:44  Probe  
  128  9:47  Phoenix  
  128  9:49  Assimilator  
  128  9:50  Assimilator  
  128  9:53  Probe x3  
  128  9:56  Zealot x3  
  128  9:59  Protoss Ground Weapons Level 3  
  139  10:00  Phoenix  
  139  10:01  Protoss Air Weapons Level 1, Phoenix  
  139  10:03  Probe  
  141  10:08  Pylon  
  146  10:15  Probe  
  146  10:17  Phoenix  
  146  10:19  Photon Cannon, Immortal  
  146  10:20  Pylon  
  151  10:29  Shield Battery  
  151  10:30  Pylon  
  151  10:33  Fleet Beacon  
  151  10:42  Immortal  
  167  11:06  Stalker x4  
  167  11:10  Probe  
  167  11:11  Tempest  
  173  11:20  Tempest x2  
  173  11:24  Stalker x3  
  171  11:37  Probe  
  167  11:43  Mothership  
  167  11:45  Probe  
  167  11:46  Warp Prism  
  165  11:49  Probe  
  165  11:53  Tempest  
  167  11:57  Probe  
  171  12:05  Probe  
  171  12:07  Zealot x7  
  164  12:10  Probe  
  164  12:11  Probe  
  164  12:12  Tempest  
  164  12:14  Probe  
  168  12:18  Probe  
  170  12:22  Probe  
  170  12:23  Probe  
  170  12:26  Probe  
  170  12:29  Tempest  
  171  12:31  Probe  
  171  12:35  Probe  
  171  12:36  Assimilator  
  173  12:42  Tempest  
  177  12:47  Protoss Shields Level 1, Probe  
  177  12:48  Probe  
  179  12:52  Protoss Air Weapons Level 2  
  179  12:53  Photon Cannon  
  179  12:55  Tempest  
  181  13:10  Zealot x2  
  181  13:11  Zealot x2  
  155  13:20  Probe x3  
  155  13:21  Probe  
  157  13:47  Zealot x6  
  158  13:49  Probe  
  149  14:03  Probe  
  134  14:13  Unknown  
  134  14:15  High Templar x5  
  134  14:16  Zealot, Assimilator  
  143  14:22  Oracle  
  140  14:37  Probe  
  81  14:57  Zealot x4  
Tags
 
Add a new tag
Caveats
  • Supply blocks, unpowered buildings, or Contaminate may cause inaccurate times.
  • Supply counts are checked every 10 seconds.